 Dungeon Crawl Stone Soup version 0.28-a0-1629-gf728b707aa (webtiles) character file.

Game seed: 10331216588359926423

214 Edwards80 the Cudgeller (level 5, -1/45 HPs)
             Began as a Minotaur Berserker on Jan 24, 2022.
             Was a Priest of Trog.
             Killed from afar by an orc wizard (3 damage)
             ... with a puff of flame
             ... on level 4 of the Dungeon.
             The game lasted 00:10:18 (3295 turns).

Edwards80 the Cudgeller (Minotaur Berserker)        Turns: 3295, Time: 00:10:19

Health: -1/45      AC:  8    Str: 24    XL:     5   Next: 60%
Magic:  4/4        EV: 10    Int:  4    God:    Trog [***...]
Gold:   143        SH:  4    Dex:  9    Spells: 4/4 levels left

rFire   . . .      SeeInvis .   a - +2 mace (holy)
rCold   . . .      Faith    .   d - +2 buckler "Ydug" {rElec rPois}
rNeg    . . .      Spirit   .   n - +3 ring mail
rPois   +          Reflect  .   (helmet restricted)
rElec   +          Harm     .   (no cloak)
rCorr   .          Rampage  .   (no gloves)
Will    .....                   (no boots)
Stlth   ..........              (no amulet)
HPRegen 0.15/turn               (no ring)
MPRegen 0.09/turn               (no ring)

@: lethally poisoned (-1 -> -3)
A: horns 2, retaliatory headbutt
a: Renounce Religion, Berserk, Trog's Hand


You were on level 4 of the Dungeon.
You worshipped Trog.
Trog was most pleased with you.
You visited 1 branch of the dungeon, and saw 4 of its levels.

You collected 143 gold pieces.

Inventory:

Hand Weapons
 a - a +2 mace of holy wrath (weapon)
Armour
 d - the +2 buckler "Ydug" (worn) {rElec rPois}
   (You found it on level 3 of the Dungeon)

   rElec:     It insulates you from electricity.
   rPois:     It protects you from poison.
 n - a +3 ring mail (worn)
Wands
 p - a wand of polymorph (8)
Scrolls
 f - a scroll of fear
 g - a scroll of teleportation
 i - a scroll of silence {unknown}
 l - a scroll of vulnerability {unknown}
 m - a scroll of holy word {unknown}
Potions
 b - a potion of might
 c - a potion of mutation
 e - a potion of curing {unknown}
 h - a potion of degeneration {unknown}
 j - a potion of resistance {unknown}
 o - a potion of berserk rage {unknown}


   Skills:
 - Level 3.6 Fighting
 + Level 7.7 Maces & Flails
 - Level 2.4 Armour
 - Level 2.2 Dodging


You had 4 spell levels left.
You didn't know any spells.
Your spell library was empty.

Dungeon Overview and Level Annotations

Branches:
Dungeon (4/15)
 Temple: D:4-7

Altars:

Shops:
D:2 (   D:3 [


Innate Abilities, Weirdness & Mutations

You have a pair of horns on your head.
You reflexively headbutt those who attack you in melee.


Message History

An orc comes into view. It is wielding a +0 spear.
An orc comes into view. It is wielding a +0 war axe.
The orc shouts!
You hear a shout!
An orc wizard comes into view. It is wielding a +0 dagger.
You barely miss the orc wizard.
The orc wizard shouts!
An orc priest comes into view. It is wielding a +0 club.
The orc wizard mumbles some strange words.
The orc wizard flickers and vanishes!
Deactivating autopickup; reactivate with Ctrl-A.
The orc wizard casts a spell at you. The puff of flame hits you!
The orc priest shouts!
You sock the orc wizard!
The orc wizard is severely wounded.
The orc wizard closely misses you. You furiously retaliate!
You headbutt the orc wizard, but do no damage.
You closely miss the orc wizard. Your headbutt misses the orc wizard.
The orc wizard is severely wounded.
An endoplasm comes into view.
A puff of flame appears from out of thin air!
The puff of flame hits you! The orc hits you but does no damage.
The endoplasm quivers.
You hit the orc wizard but do no damage.
The orc wizard is severely wounded.
The orc wizard hits you but does no damage.
You are poisoned.
The orc priest mumbles some strange prayers to Beogh against you.
You barely resist. You block the orc's attack.
You feel sick.
The orc wizard hits you but does no damage.
You feel sick.
The orc priest invokes the aid of Beogh against you.
Beogh smites you!
* * * LOW HITPOINT WARNING * * *
* * * LOW HITPOINT WARNING * * *
You feel sick.
A puff of flame appears from out of thin air!
The puff of flame hits you.
You die...

................... #.# .#
.............####### #.##.#
.............# #..#.#
....{........##########.#.#
.............)).........#.#
..........)..##########)#.#
...........[.........<).).#
........o(....#######.....#
......>.oo@..†########....#
....J........†............#
.....o.......##........#..#
.............#<.######...>#
.............#..#### #.####
.............#.....###+####
.............#.##..........
.............#. +..........
.......## #..........


You could see an orc priest, an orc wizard, 2 orcs and an endoplasm.

Vanquished Creatures
  A scorpion (D:4)
  4 gnolls (D:4)
  An adder (D:2)
  3 worms
  2 dart slugs (D:1)
  8 orcs (D:4)
  7 bats
  11 endoplasms
  4 giant cockroaches
  8 goblins
  11 hobgoblins
  3 quokkas
  9 ball pythons
  6 kobolds
  6 rats
84 creatures vanquished.

Notes
Turn   | Place    | Note
-------+----------+-------------------------------------------
     0 | D:1      | Edwards80 the Minotaur Berserker began the quest for the
                  | Orb.
     0 | D:1      | Reached XP level 1. HP: 19/19 MP: 0/0
   217 | D:1      | Reached skill level 4 in Maces & Flails
   317 | D:1      | Reached XP level 2. HP: 23/26 MP: 1/1
   818 | D:1      | Reached skill level 5 in Maces & Flails
   824 | D:1      | Reached XP level 3. HP: 30/31 MP: 2/2
  1088 | D:2      | Found Gove's Antique Weapon Emporium.
  1095 | D:2      | Reached ** piety under Trog
  2001 | D:3      | Identified the +2 buckler "Ydug" {rElec rPois}
  2057 | D:3      | Reached XP level 4. HP: 39/39 MP: 3/3
  2089 | D:3      | Reached skill level 6 in Maces & Flails
  2287 | D:3      | Found a faded altar of an unknown god.
  2618 | D:3      | Found Uwnam's Armour Shoppe.
  3078 | D:4      | Reached XP level 5. HP: 45/45 MP: 4/4
  3081 | D:4      | Reached *** piety under Trog
  3179 | D:4      | Reached skill level 7 in Maces & Flails
  3295 | D:4      | HP: 2/45 [poisoned by an orc wizard]
  3295 | D:4      | Killed from afar by an orc wizard

Illustrated notes

Levels and vault maps discovered:
D:1:      dpeg_arrival_water_fire, layout_basic
D:2:      layout_basic, serial_shops, shop, minmay_pentomino_s2
D:3:      layout_basic, serial_shops, shop, hellmonk_ecumenical_altar_crossroads
D:4:      layout_basic

Skill      XL: |  1  2  3  4  5 |
---------------+----------------+-----
Maces & Flails | 4 5 6 7 |  7.7
Fighting       | |  3.6
Armour         | |  2.4
Dodging        | |  2.2

Action                   |  1- 3 |  4- 6 || total
-------------------------+-------+-------++-------
Melee: Mace              |    81 |    82 ||   163
       Headbutt          |    13 |    12 ||    25
  Use: Scroll            |     2 |     3 ||     5
Armor: Animal skin       |    10 |       ||    10
       Leather armour    |    16 |       ||    16
       Chain mail        |     1 |     6 ||     7
       Ring mail         |       |    23 ||    23
Dodge: Dodged            |    58 |    37 ||    95
Block: Buckler           |     1 |    10 ||    11

Table legend: (Time is in decaauts)
 A = Elapsed time spent in this place.
 B = Non-inter-level travel time spent in this place.
 C = Inter-level travel time spent in this place.
 D = Time resting spent in this place.
 E = Time spent auto-exploring this place.
 F = Levels seen in this place.
 G = Mean time per level.
                   A        B        C        D        E       F      G
               +--------+--------+--------+--------+--------+-----+--------+
         Total |   3315 |   3177 |    138 |      0 |   2578 |   4 |  828.8 |
       Dungeon |   3315 |   3177 |    138 |      0 |   2578 |   4 |  828.8 |
               +--------+--------+--------+--------+--------+-----+--------+

Top non-repeatable levels by time:
     D:1: 1050 daAuts
     D:3: 929 daAuts
     D:2: 836 daAuts
     D:4: 499 daAuts
